 Dungeon Crawl Stone Soup version 0.17.1-3-g152610e (webtiles) character file.

340 Nekros the Magician (level 6, -4/32 HPs)
             Began as a Deep Elf Wizard on Apr 26, 2016.
             Slain by jesusflecha's ghost (14 damage)
             ... on level 4 of the Dungeon.
             The game lasted 00:49:44 (5443 turns).

Nekros the Magician (Deep Elf Wizard)               Turns: 5443, Time: 00:49:44

Health: -4/32      AC:  5    Str:  4    XL:     6   Next: 30%
Magic:  8/18       EV: 13    Int: 25    God:
Gold:   274        SH:  0    Dex: 13    Spells: 4 memorised, 11 levels left

rFire  . . .     SeeInvis .     (no weapon)
rCold  . . .     Clarity  .     j - +0 steam dragon armour
rNeg   . . .     SustAt   .     (no shield)
rPois  .         Gourm    .     b - +0 hat
rElec  .         Spirit   .     (no cloak)
rCorr  .         Warding  .     (no gloves)
rMut   .         Stasis   .     (no boots)
MR     .....                    (no amulet)
Stlth  ++........               (no ring)
                                (no ring)

@: not resistant to hostile enchantments, unstealthy
A: no striking features
a: no special abilities


You were on level 4 of the Dungeon.
You were not hungry.

You visited 2 branches of the dungeon, and saw 5 of its levels.

You collected 274 gold pieces.

Inventory:

Armour
 a - a +0 robe
 b - a +0 hat (worn)
 j - a +0 steam dragon armour (worn)
Scrolls
 f - 3 scrolls of identify
 h - a scroll of immolation
 k - a scroll of amnesia
Books
 c - a book of Minor Magic

   Spells                             Type                      Level
   a - Magic Dart                     Conjuration                  1
   b - Blink                          Translocation                2
   c - Call Imp                       Summoning                    2
   d - Repel Missiles                 Charms/Air                   2
   e - Slow                           Hexes                        2
   f - Conjure Flame                  Conjuration/Fire             3
   g - Mephitic Cloud                 Conjuration/Poison/Air       3
Comestibles
 d - 3 bread rations
 g - a slice of pizza


   Skills:
 + Level 3.6 Dodging
 + Level 3.8 Stealth
 * Level 7.0 Spellcasting
 + Level 2.5 Conjurations
 * Level 3.2 Summonings
 - Level 1.1 Translocations


You had 11 spell levels left.
You knew the following spells:

 Your Spells              Type           Power        Failure   Level  Hunger
a - Magic Dart            Conj           ###.         2%          1    None
b - Blink                 Tloc           N/A          10%         2    None
c - Call Imp              Summ           ###.....     3%          2    None
d - Mephitic Cloud        Conj/Pois/Air  ##......     14%         3    None


Dungeon Overview and Level Annotations

Branches:
Dungeon (4/15)             Temple (1/1) D:4

Altars:
Dithmenos
Elyvilon
Fedhas
Kikubaaqudgha
Qazlal
Ru
Vehumet
Yredelemnul
Zin
The Shining One

Shops:
D:4 !

Annotations:
D:4 jesusflecha's ghost, amateur TrMo


Message History

Your crimson imp blinks!
Jesusflecha's ghost barely misses your crimson imp.
Your crimson imp hits jesusflecha's ghost.
Jesusflecha's ghost barely misses your crimson imp.
Your crimson imp closely misses jesusflecha's ghost.
Your crimson imp barely misses jesusflecha's ghost.
Your crimson imp closely misses jesusflecha's ghost.
Your crimson imp blinks!
Your crimson imp barely misses jesusflecha's ghost.
Jesusflecha's ghost whispers, "They're coming for you..."
Your crimson imp hits jesusflecha's ghost but does no damage.
Your crimson imp blinks!
Your crimson imp hits jesusflecha's ghost.
Your crimson imp blinks!
Your crimson imp blinks!
Your crimson imp blinks! x2
Your crimson imp blinks!
Jesusflecha's ghost shrieks, "You must not fail where I succeeded!"
Jesusflecha's ghost hits you!
You die...

.##.# ##.....###
##..###8.8. ##..# #.#####
####..## #.... ...## #..#
###.....## #.... ##.# #..#
##........# #....
#.?..(....# ##.........#
#....
#......###..####..........#
#.... ..###..
##..#...........# #....
####.. #.............#
##... #..
##..@.........####... #.
#...W.........##..... #.
#.............#...รท..
##...................
#................#..
##.............###..
#####........## ###
#.......## ##....###


You could see jesusflecha's ghost.

Vanquished Creatures
  2 orc wizards (D:3)
  4 adders
  A gnoll (D:3)
  5 giant geckos
  4 orcs (D:3)
  A ball python (D:1)
  4 goblins
  4 hobgoblins
  4 jackals (D:1)
  A quokka (D:3)
  4 bats
  A giant cockroach (D:2)
  3 giant newts
  6 kobolds
  2 rats
46 creatures vanquished.

Vanquished Creatures (collateral kills)
  An ogre (D:4)
  A scorpion (D:4)
  An orc wizard (D:3)
  A hound (D:4)
  Terence (D:2)
  8 adders
  2 gnolls (D:3)
  2 worms (D:2)
  7 orcs
  A bat (D:3)
  2 giant cockroaches (D:3)
  2 goblins
  A hobgoblin (D:2)
  2 jackals (D:3)
  A kobold (D:3)
33 creatures vanquished.

Grand Total: 79 creatures vanquished

Notes
Turn   | Place    | Note
--------------------------------------------------------------
     0 | D:1      | Nekros the Deep Elf Wizard began the quest for the Orb.
     0 | D:1      | Reached XP level 1. HP: 10/10 MP: 7/7
   499 | D:1      | Reached XP level 2. HP: 10/15 MP: 7/9
   503 | D:1      | Learned a level 2 spell: Blink
   506 | D:1      | Learned a level 2 spell: Call Imp
   663 | D:1      | Reached skill level 5 in Spellcasting
  1389 | D:2      | Reached XP level 3. HP: 19/19 MP: 6/11
  1891 | D:2      | Noticed Terence
  1935 | D:2      | Killed Terence
  2131 | D:2      | Learned a level 3 spell: Mephitic Cloud
  2310 | D:2      | Reached XP level 4. HP: 24/24 MP: 4/13
  3101 | D:3      | Found a basalt altar of Yredelemnul.
  3116 | D:3      | Reached skill level 6 in Spellcasting
  3565 | D:3      | Reached XP level 5. HP: 28/28 MP: 4/15
  4327 | D:3      | Found an ancient bone altar of Kikubaaqudgha.
  4669 | D:4      | Found a staircase to the Ecumenical Temple.
  4717 | D:4      | Found Goox Xishre's Distillery.
  4721 | Temple   | Entered the Ecumenical Temple
  4990 | D:4      | Found a glowing golden altar of the Shining One.
  4990 | D:4      | Found a blossoming altar of Fedhas.
  5021 | D:4      | Reached XP level 6. HP: 32/32 MP: 14/17
  5085 | D:4      | Noticed an ogre
  5093 | D:4      | Killed an ogre
  5093 | D:4      | Reached skill level 7 in Spellcasting
  5206 | D:4      | Noticed jesusflecha's ghost (amateur TrMo)
  5347 | D:4      | HP: 1/32 [jesusflecha's ghost (18)]
  5443 | D:4      | Slain by jesusflecha's ghost

Action                   |  1- 3 |  4- 6 || total
-------------------------+-------+-------++-------
Melee: Unarmed           |    12 |     3 ||    15
 Cast: Magic Dart        |    65 |    57 ||   122
       Call Imp          |    17 |    51 ||    68
       Mephitic Cloud    |       |    17 ||    17
       Blink             |       |    10 ||    10
  Use: Potion            |     4 |     3 ||     7
       Scroll            |     3 |     5 ||     8
  Eat: Meat ration       |     1 |       ||     1
       Bread ration      |       |     2 ||     2
